 Dungeon Crawl Stone Soup version 0.30-a0-585-g93115170b9 (webtiles) character file.

Game seed: 10436068782027876089

2231 themarg the Insei (level 9, -6/81 HPs)
             Began as a Gnoll Transmuter on Jan 2, 2023.
             Mangled by a yak (8 damage)
             ... on level 7 of the Dungeon.
             The game lasted 00:16:34 (6169 turns).

themarg the Insei (Gnoll Transmuter)                Turns: 6169, Time: 00:16:34

Health: -6/81      AC:  7    Str:  9    XL:     9   Next: 36%
Magic:  17/19      EV: 12    Int: 16    God:
Gold:   75         SH:  0    Dex: 14    Spells: 7/21 levels left

rFire   x . .      SeeInvis .      - Unarmed
rCold   + + +      Faith    .    (shield currently unavailable)
rNeg    . . .      Spirit   .    (body armour currently unavailable)
rPois   +          Reflect  .    (helmet currently unavailable)
rElec   .          Harm     .    (cloak currently unavailable)
rCorr   .          Rampage  .    (gloves currently unavailable)
Will    .....                    (boots currently unavailable)
Stlth   +++                      (no amulet)
HPRegen 0.33/turn                (no ring)
MPRegen 0.16/turn                (no ring)

@: ice-form, mesmerised
A: freezing attack, amphibious, boosted hp, large, (fangs 1), strong nose,
distributed training
a: End Transformation


You were on level 7 of the Dungeon.
You were a creature of crystalline ice.
You visited 1 branch of the dungeon, and saw 7 of its levels.

You collected 271 gold pieces.
You spent 196 gold pieces at shops.

Inventory:

Hand Weapons
 c - a +0 rapier (melded)
 t - a +2 dagger of protection
 C - a +3 dagger
Missiles
 d - 99 stones
 v - 4 throwing nets
 x - 4 poisoned darts
Armour
 a - a +0 robe (melded)
 f - a +0 pair of gloves (melded)
 A - a +1 pair of boots (melded)
Wands
 i - a wand of paralysis (6)
Scrolls
 g - 2 scrolls of noise
 h - 4 scrolls of teleportation
 j - a scroll of blinking
 l - 2 scrolls of immolation
 m - a scroll of magic mapping
 o - a scroll of vulnerability {unknown}
 p - a scroll of fear
 q - a scroll of brand weapon {unknown}
 s - a scroll of butterflies
 u - a scroll of poison
 w - a scroll of enchant armour
 y - a scroll of fog {unknown}
Potions
 b - 2 potions of heal wounds {unknown}
 e - a potion of might
 k - a potion of magic
 n - 2 potions of brilliance
 r - 4 potions of haste
 z - a potion of attraction {unknown}
 B - 2 potions of curing


   Skills:
 + Level 5.1 Fighting
 + Level 4.3 Short Blades
 + Level 4.3 Long Blades
 + Level 4.3 Axes
 + Level 4.3 Maces & Flails
 + Level 4.3 Polearms
 + Level 4.3 Staves
 + Level 4.3 Ranged Weapons
 + Level 4.3 Throwing
 + Level 4.3 Armour
 + Level 6.4 Dodging
 + Level 4.3 Stealth
 + Level 4.3 Shields
 + Level 7.9 Unarmed Combat
 + Level 6.7 Spellcasting
 + Level 3.5 Conjurations
 + Level 3.5 Hexes
 + Level 3.5 Summonings
 + Level 3.5 Necromancy
 + Level 3.5 Translocations
 + Level 5.3 Transmutations
 + Level 3.5 Fire Magic
 + Level 3.5 Ice Magic
 + Level 3.5 Air Magic
 + Level 3.5 Earth Magic
 + Level 3.5 Poison Magic
 + Level 4.8 Invocations
 + Level 4.3 Evocations


You had 7 spell levels left.
You knew the following spells:

 Your Spells              Type           Power      Damage    Failure   Level
a - Beastly Appendage     Tmut           44%        N/A       1%          1
b - Wereblood             Tmut           22%        N/A       2%          2
c - Spider Form           Tmut/Pois      19%        N/A       6%          3
d - Apportation           Tloc           32%        N/A       3%          1
e - Ice Form              Ice/Tmut       19%        N/A       21%         4
f - Mephitic Cloud        Conj/Pois/Air  16%        N/A       9%          3

Your spell library contained the following spells:

 Spells                   Type           Power      Damage    Failure   Level
 Cigotuvi's Dreadful Rot  Necr/Pois/Air  32%        N/A       4%          2
 Poisonous Vapours        Pois/Air       32%        N/A       4%          2
 Dazzling Flash           Conj/Hex       32%        N/A       9%          3
 Alistair's Intoxication  Tmut/Pois      12%        N/A       50%         5
 Agony                    Necr           16%        N/A       63%         5
 Silence                  Hex/Air        8%         N/A       63%         5
 Summon Forest            Summ/Tloc      8%         N/A       63%         5
 Eringya's Noxious Bog    Tmut/Pois      9%         N/A       97%         6
 Summon Hydra             Summ           8%         N/A       100%        7


Dungeon Overview and Level Annotations

Branches:
Dungeon (7/15)
 Temple: D:4-7

Altars:
Fedhas
Wu Jian
Xom

Shops:
D:2 !

Annotations:
D:7 Maggie


Innate Abilities, Weirdness & Mutations

You are a creature of crystalline ice.
You have a powerful freezing melee attack.
You are amphibious.
Your maximum health is increased.
Your armour is entirely melded.
You are incapable of wielding weapons or throwing items.
((You have very sharp teeth.))
Your uncanny sense of smell can sniff out nearby items.
Your experience applies equally to all skills.


Message History

You punch the yak! You freeze the yak.
You kill the yak!
A yak comes into view.
The yak bellows!
Maggie shouts!
You hit the yak. You freeze the yak.
The yak is lightly wounded.
The yak gores you but does no damage.
You hit the yak. You freeze the yak.
The yak is lightly wounded.
A gnoll comes into view. It is wielding a +0 spear.
A gnoll comes into view. It is wielding a +0 whip.
The yak barely misses you. Maggie casts a spell at you.
The bolt of fire hits you!! The fire burns you terribly! The yak misses you.
You hear a shout!
Maggie mumbles some strange words.
Maggie attempts to bespell you!
You are mesmerised by Maggie!
The yak closely misses you.
You cannot move away from Maggie!
You hit the yak. You freeze the yak.
The yak is moderately wounded.
You completely miss the yak.
The yak is moderately wounded.
The yak misses you. The yak gores you!
* * * LOW HITPOINT WARNING * * *
You barely miss the yak.
The yak is moderately wounded.
The yak gores you!
* * * LOW HITPOINT WARNING * * *
The yak barely misses you.
A gnoll bouda comes into view. It is wielding a +0 whip.
The gnoll shouts!
You pummel the yak!! You freeze the yak!
The yak is almost dead.
The yak gores you!
* * * LOW HITPOINT WARNING * * *
The yak gores you!
You die...

#....)##)........#
#.....)........####
#....#####.#......#
#....#####.#<...#.#
#.......##.#....#
#.......##.#[#..#
##.......##.#.#..#
..g........#.#.#..#
..##...g.YY.#.#.. .#
...g....@Y....###.##
#..).........# .#
............)# #
.....####....# .####
#....# #....# #....#


You could see Maggie (mesmerising), 2 yaks, a gnoll bouda and 2 gnolls.

Vanquished Creatures
  Pikel (D:5)
  Prince Ribbit (D:6)
  A yak (D:7)
  2 orc warriors
  An ice beast (D:5)
  2 ogres (D:6)
  3 phantoms
  A lemure (D:5)
  2 bullfrogs
  A necrophage (D:5)
  A scorpion (D:5)
  2 hounds
  3 orc priests (D:4)
  A gnoll bouda (D:5)
  A jelly (D:4)
  5 orc wizards
  6 adders
  7 gnolls (D:5)
  A white imp (D:5)
  3 ufetubi
  A dart slug (D:2)
  23 orcs
  7 endoplasms
  4 giant cockroaches
  5 goblins
  6 hobgoblins
  4 jackals (D:4)
  10 kobolds
  5 quokkas
  5 ball pythons
  5 bats
  3 frilled lizards
  4 rats
127 creatures vanquished.

Notes
Turn   | Place    | Note
-------+----------+-------------------------------------------
     0 | D:1      | themarg the Gnoll Transmuter began the quest for the Orb.
     0 | D:1      | Reached XP level 1. HP: 17/17 MP: 6/6
   113 | D:1      | Reached XP level 2. HP: 21/23 MP: 5/7
   120 | D:1      | Learned a level 2 spell: Wereblood
   506 | D:1      | Reached skill level 5 in Spellcasting
   506 | D:1      | Reached XP level 3. HP: 20/28 MP: 5/9
   625 | D:1      | Learned a level 3 spell: Spider Form
   627 | D:1      | Learned a level 1 spell: Apportation
   688 | D:2      | Reached skill level 1 in Invocations
   812 | D:2      | Found Yrruoh's Distillery.
   831 | D:2      | Bought a potion of brilliance for 56 gold pieces
   903 | D:2      | Reached skill level 1 in Short Blades
   903 | D:2      | Reached skill level 1 in Long Blades
   903 | D:2      | Reached skill level 1 in Axes
   903 | D:2      | Reached skill level 1 in Maces & Flails
   903 | D:2      | Reached skill level 1 in Polearms
   903 | D:2      | Reached skill level 1 in Staves
   903 | D:2      | Reached skill level 1 in Ranged Weapons
   903 | D:2      | Reached skill level 1 in Throwing
   903 | D:2      | Reached skill level 1 in Armour
   903 | D:2      | Reached skill level 1 in Stealth
   903 | D:2      | Reached skill level 1 in Shields
   903 | D:2      | Reached skill level 1 in Evocations
  1018 | D:2      | Reached XP level 4. HP: 34/34 MP: 9/11
  1062 | D:2      | Found a blossoming altar of Fedhas.
  1176 | D:3      | Reached skill level 1 in Conjurations
  1176 | D:3      | Reached skill level 1 in Hexes
  1176 | D:3      | Reached skill level 1 in Summonings
  1176 | D:3      | Reached skill level 1 in Necromancy
  1176 | D:3      | Reached skill level 1 in Translocations
  1176 | D:3      | Reached skill level 1 in Fire Magic
  1176 | D:3      | Reached skill level 1 in Ice Magic
  1176 | D:3      | Reached skill level 1 in Air Magic
  1176 | D:3      | Reached skill level 1 in Earth Magic
  1176 | D:3      | Reached skill level 1 in Poison Magic
  1736 | D:3      | Reached XP level 5. HP: 29/40 MP: 4/12
  1824 | D:3      | Found a faded altar of an unknown god.
  2364 | D:4      | Noticed a phantom
  2378 | D:4      | Killed a phantom
  2423 | D:4      | Reached XP level 6. HP: 47/47 MP: 11/14
  2435 | D:4      | Reached skill level 5 in Dodging
  3015 | D:4      | Found a shimmering altar of Xom.
  3059 | D:4      | Found an ornate altar of the Wu Jian Council.
  3327 | D:5      | Entered Level 5 of the Dungeon
  3382 | D:5      | Reached skill level 7 in Unarmed Combat
  3382 | D:5      | Reached XP level 7. HP: 43/52 MP: 8/15
  3858 | D:5      | Noticed Pikel
  3863 | D:5      | Paralysed by Pikel for 2 turns
  3872 | D:5      | Paralysed by Pikel for 3 turns
  3874 | D:5      | Killed Pikel
  3875 | D:5      | Reached XP level 8. HP: 7/60 MP: 6/17
  4082 | D:5      | HP: 2/60 [gnoll/+0 halberd[a gnoll bouda] (9)]
  4840 | D:6      | Reached skill level 5 in Transmutations
  4964 | D:6      | HP: 2/61 [orc warrior/+0 flail (13)]
  4971 | D:6      | HP: 1/91 [orc/+0 trident (5)]
  4975 | D:6      | Reached XP level 9. HP: 5/66 MP: 14/18
  5282 | D:6      | Noticed Prince Ribbit
  5308 | D:6      | Killed Prince Ribbit
  5729 | D:6      | Learned a level 4 spell: Ice Form
  5733 | D:6      | Learned a level 3 spell: Mephitic Cloud
  5844 | D:2      | Bought 2 potions of curing for 84 gold pieces
  5844 | D:2      | Bought a potion of brilliance for 56 gold pieces
  5964 | D:7      | Reached skill level 5 in Fighting
  6141 | D:7      | Noticed Maggie
  6169 | D:7      | HP: 2/81 [yak (9)]
  6169 | D:7      | Mangled by a yak

Illustrated notes

Levels and vault maps discovered:
D:1:      dpeg_arrival_three_same_balls, layout_rooms
D:2:      layout_rooms, basic_altar, serial_shops, shop
D:3:      layout_loops_ring, basic_ecumenical_altar
D:4:      cheibrodos_pilgrimage, layout_basic, mainiacjoe_overflow_big_doors,
          grunt_decor_junction
D:5:      layout_loops_ring, uniq_pikel
D:6:      layout_basic, grunt_ministairs_15, uniq_prince_ribbit1
D:7:      layout_basic, zin_scriptorium, minitemple, minmay_temple_entry_fiery,
          skrybe_limestone_x, uniq_maggie

Skill      XL: |  1  2  3  4  5  6  7  8  9 |
---------------+----------------------------+-----
Spellcasting   | 5 6 |  6.7
Invocations    | 1 2 3 4 |  4.8
Short Blades   | 1 2 3 4 |  4.3
Long Blades    | 1 2 3 4 |  4.3
Axes           | 1 2 3 4 |  4.3
Maces & Flails | 1 2 3 4 |  4.3
Polearms       | 1 2 3 4 |  4.3
Staves         | 1 2 3 4 |  4.3
Ranged Weapons | 1 2 3 4 |  4.3
Throwing       | 1 2 3 4 |  4.3
Armour         | 1 2 3 4 |  4.3
Stealth        | 1 2 3 4 |  4.3
Shields        | 1 2 3 4 |  4.3
Evocations     | 1 2 3 4 |  4.3
Conjurations   | 1 2 3 |  3.5
Hexes          | 1 2 3 |  3.5
Summonings     | 1 2 3 |  3.5
Necromancy     | 1 2 3 |  3.5
Translocations | 1 2 3 |  3.5
Fire Magic     | 1 2 3 |  3.5
Ice Magic      | 1 2 3 |  3.5
Air Magic      | 1 2 3 |  3.5
Earth Magic    | 1 2 3 |  3.5
Poison Magic   | 1 2 3 |  3.5
Fighting       | 3 4 5 |  5.1
Transmutations | 4 5 |  5.3
Dodging        | 5 6 |  6.4
Unarmed Combat | 7 |  7.9

Action                   |  1- 3 |  4- 6 |  7- 9 || total
-------------------------+-------+-------+-------++-------
Melee: Rapier            |    92 |    30 |    19 ||   141
       Headbutt          |     9 |     4 |       ||    13
       Kick              |    18 |     5 |       ||    23
       Bite              |     7 |       |       ||     7
       Punch             |     5 |     2 |     1 ||     8
       Unarmed           |       |   101 |   152 ||   253
 Cast: Beastly Appendage |    24 |     3 |       ||    27
       Wereblood         |     2 |     4 |     3 ||     9
       Spider Form       |       |    23 |    25 ||    48
       Ice Form          |       |       |     1 ||     1
Evoke: Wand              |       |       |     9 ||     9
  Use: Scroll            |       |     3 |     9 ||    12
       Potion            |       |       |     4 ||     4
 Stab: Sleeping          |     1 |       |     1 ||     2
       Paralysed         |       |       |     2 ||     2
Armor: Robe              |    15 |     6 |     1 ||    22
       Skin              |       |     4 |    30 ||    34
Dodge: Dodged            |    57 |   108 |   133 ||   298

Table legend: (Time is in decaauts)
 A = Elapsed time spent in this place.
 B = Non-inter-level travel time spent in this place.
 C = Inter-level travel time spent in this place.
 D = Time resting spent in this place.
 E = Time spent auto-exploring this place.
 F = Levels seen in this place.
 G = Mean time per level.
                   A        B        C        D        E       F      G
               +--------+--------+--------+--------+--------+-----+--------+
         Total |   6155 |   5835 |    320 |    353 |   4289 |   7 |  879.3 |
       Dungeon |   6155 |   5835 |    320 |    353 |   4289 |   7 |  879.3 |
               +--------+--------+--------+--------+--------+-----+--------+

Top non-repeatable levels by time:
     D:5: 1356 daAuts
     D:4: 1275 daAuts
     D:6: 1109 daAuts
     D:3: 980 daAuts
     D:1: 647 daAuts
     D:2: 560 daAuts
     D:7: 225 daAuts
